Map: Protocole central

Players

Worming - Winner!

  • Race: Zerg Zerg
  • League: Diamond

Emil

  • Race: Zerg Zerg
  • League: Diamond

VOD

Have the link to the VOD?

Description

Time

  • Played on: Nov. 13, 2015, 3:46 p.m.
  • Length: 17:57
Show
View Real Time Build Order
Export as new Build Order

Worming Zerg - Winner!

Build Orders: Pool First 

Get SALT Encoding   

  12  0:01  Drone  
  13  0:10  Drone  
  14  0:21  Drone, Extractor  
  14  0:32  Spawning Pool  
  13  0:36  Drone  
  14  0:44  Overlord  
  14  1:02  Drone  
  15  1:05  Drone  
  16  1:19  Queen  
  16  1:20  Zergling x4  
  16  1:25  Metabolic Boost  
  20  1:33  Overlord  
  20  1:44  Zergling x2  
  20  1:45  Evolution Chamber  
  20  1:50  Zergling x2  
  21  2:01  Zergling x2  
  22  2:16  Zergling x2  
  22  2:31  Zerg Ground Armor Level 1  
  22  2:36  Zergling x6  
  25  2:39  Overlord  
  25  2:45  Overlord  
  25  2:53  Zergling x2  
  26  3:08  Zergling x2  
  26  3:16  Hatchery  
  22  3:25  Queen  
  24  3:35  Drone x3  
  27  3:53  Overlord  
  27  3:58  Zergling x4  
  27  3:59  Zergling x2  
  27  4:01  Queen  
  32  4:14  Zergling x2  
  31  4:52  Zergling x8  
  35  5:02  Drone x2  
  37  5:09  Hatchery  
  33  5:17  Drone x2  
  35  5:23  Extractor  
  35  5:25  Drone x3  
  35  5:28  Drone  
  37  5:42  Extractor  
  36  5:44  Drone x3  
  36  5:45  Drone x5  
  44  5:59  Lair  
  44  6:05  Drone x3  
  44  6:07  Zerg Melee Weapons Level 1  
  44  6:09  Drone x2  
  49  6:18  Zergling x2  
  49  6:19  Zergling x4  
  52  6:30  Zergling x2  
  52  6:31  Zergling x10  
  56  7:03  Spire  
  56  7:04  Spore Crawler, Extractor  
  56  7:06  Spore Crawler  
  45  7:23  Drone x3  
  45  7:27  Queen  
  50  7:30  Overlord x2  
  50  7:31  Overlord  
  50  7:33  Spore Crawler  
  48  7:39  Drone  
  48  7:40  Spore Crawler, Drone  
  48  7:44  Queen  
  48  7:48  Queen  
  50  7:55  Drone x7  
  55  8:17  Zerg Flyer Armor Level 1  
  55  8:18  Mutalisk x3  
  55  8:19  Mutalisk  
  63  8:34  Mutalisk x4  
  63  8:40  Overlord  
  71  8:42  Overlord  
  67  9:08  Zergling x4  
  67  9:09  Zergling x24  
  80  9:14  Zerg Melee Weapons Level 2  
  80  9:16  Drone  
  81  9:22  Extractor x2  
  79  9:38  Mutalisk  
  79  9:41  Overlord x2  
  79  9:49  Mutalisk  
  81  9:55  Overlord x2  
  81  10:01  Drone x3  
  81  10:02  Drone x3  
  81  10:03  Mutalisk  
  81  10:04  Mutalisk x2  
  93  10:19  Mutalisk x3  
  98  10:25  Zerg Flyer Weapons Level 1  
  94  11:07  Mutalisk x7  
  94  11:09  Zergling x8  
  94  11:10  Zergling x2  
  113  11:15  Infestation Pit, Hatchery  
  111  11:43  Drone x2  
  111  11:46  Overlord x5  
  113  11:47  Pneumatized Carapace  
  113  11:49  Zerg Ground Armor Level 2  
  113  12:08  Zergling x10  
  118  12:20  Extractor  
  118  12:21  Extractor  
  110  12:37  Mutalisk x2  
  110  12:39  Zergling x2  
  110  12:40  Zergling x14  
  121  12:44  Drone  
  115  13:08  Hive  
  115  13:09  Zerg Flyer Weapons Level 2  
  115  13:11  Zergling x2  
  116  13:13  Overlord  
  116  13:22  Overlord  
  116  13:24  Zergling x2  
  117  13:33  Baneling Nest  
  116  13:34  Zergling x6  
  116  13:35  Zergling x4  
  116  13:39  Drone x3  
  116  13:40  Drone x3  
  89  14:14  Queen  
  89  14:15  Queen x2  
  68  14:24  Ultralisk Cavern, Zergling x6  
  68  14:25  Zergling x18  
  66  14:52  Queen x2  
  65  15:00  Drone x5  
  61  15:34  Chitinous Plating  
  61  15:37  Drone  
  61  15:38  Drone x3  
  61  15:54  Drone x3  
  61  15:56  Spore Crawler  
  63  15:57  Spore Crawler  
  63  15:59  Spore Crawler  
  63  16:01  Spore Crawler  
  60  16:07  Adrenal Glands  
  60  16:12  Drone  
  61  16:23  Drone  
  61  16:24  Drone x2  
  70  16:25  Ultralisk  
  68  16:44  Ultralisk x2  
  80  17:05  Drone, Hydralisk Den  
  80  17:06  Drone x2  
Show
View Real Time Build Order
Export as new Build Order

Emil Zerg 

Build Orders: Pool First 

Get SALT Encoding   

  12  0:04  Drone  
  13  0:08  Drone  
  14  0:17  Extractor  
  13  0:30  Spawning Pool  
  13  0:33  Drone  
  13  0:43  Overlord  
  13  0:52  Drone  
  14  1:01  Drone  
  14  1:02  Drone  
  16  1:06  Drone  
  17  1:19  Spore Crawler  
  16  1:27  Metabolic Boost  
  16  1:33  Queen  
  16  1:36  Drone  
  19  1:46  Zergling x4  
  21  2:07  Hatchery  
  20  2:13  Overlord  
  20  2:14  Zergling x2  
  21  2:28  Zergling x2  
  21  2:37  Zergling x4  
  21  2:42  Zergling x2  
  21  2:43  Zergling x4  
  26  2:53  Zergling x2  
  25  3:07  Drone  
  26  3:19  Drone  
  25  3:33  Extractor  
  26  3:37  Hatchery  
  26  3:40  Lair  
  23  3:44  Zergling x2  
  23  3:45  Zergling x4  
  26  3:59  Zergling x8  
  30  4:23  Baneling Nest  
  30  4:24  Drone  
  30  4:29  Overlord  
  29  4:47  Queen  
  29  4:50  Queen  
  33  4:54  Drone  
  33  4:55  Drone x5  
  39  5:05  Spire  
  38  5:12  Drone  
  38  5:13  Drone  
  38  5:18  Drone  
  39  5:24  Baneling  
  39  5:25  Baneling  
  38  5:41  Drone x5  
  43  5:45  Overlord  
  43  5:50  Extractor  
  42  5:59  Drone  
  42  6:00  Overlord  
  43  6:09  Extractor  
  42  6:19  Mutalisk x4  
  42  6:25  Drone  
  51  6:32  Overlord x2  
  51  6:47  Drone  
  51  6:49  Overlord  
  50  7:15  Drone  
  51  7:16  Drone x9  
  59  7:49  Zergling x2  
  59  7:50  Zergling x16  
  63  7:57  Zergling x2  
  63  7:58  Drone  
  64  8:13  Drone x4  
  68  8:21  Spore Crawler, Drone  
  68  8:26  Hatchery  
  67  8:32  Baneling x3  
  67  8:33  Drone x4  
  71  8:37  Mutalisk  
  73  8:42  Drone  
  74  8:49  Drone  
  74  8:52  Spore Crawler  
  67  9:03  Mutalisk x4  
  67  9:09  Mutalisk  
  73  9:13  Overlord  
  75  9:28  Overlord  
  75  9:29  Overlord x2  
  74  9:33  Extractor  
  74  9:37  Extractor  
  74  9:38  Infestation Pit  
  67  9:48  Zergling x2  
  67  9:49  Zergling x18  
  74  9:57  Evolution Chamber  
  74  9:58  Evolution Chamber  
  74  9:59  Spine Crawler  
  71  10:03  Overlord  
  71  10:08  Spore Crawler  
  70  10:16  Drone  
  70  10:17  Overlord x2  
  71  10:21  Baneling x2  
  71  10:22  Spore Crawler  
  71  10:27  Queen  
  66  10:41  Drone  
  66  10:42  Drone x8  
  74  10:46  Mutalisk  
  74  10:47  Mutalisk  
  74  10:53  Hive  
  72  10:57  Spore Crawler  
  72  11:02  Mutalisk  
  72  11:03  Queen, Mutalisk  
  76  11:16  Overlord x3  
  76  11:23  Spore Crawler  
  75  11:25  Spore Crawler  
  74  11:43  Overlord x2  
  74  11:44  Mutalisk  
  74  11:45  Mutalisk x2  
  74  11:46  Mutalisk x2  
  84  12:07  Viper x5  
  95  12:20  Queen x2  
  97  12:52  Spawning Pool  
  92  13:00  Zerg Ground Armor Level 1  
  92  13:33  Hatchery  
  91  13:34  Spire  
  91  13:40  Zergling x20  
  96  13:52  Viper x3  
  94  14:14  Zergling x2  
  91  14:17  Zergling x6  
  91  14:37  Zergling x2  
  91  14:38  Zergling x10  
  84  14:51  Mutalisk  
  70  15:02  Zergling x2  
  68  15:08  Zergling x6  
  62  15:15  Zergling x2  
  62  15:16  Zergling x6  
  55  15:29  Baneling  
  55  15:30  Baneling x6  
  55  15:34  Zerg Melee Weapons Level 1  
  53  15:40  Zergling x4  
  53  15:41  Zergling x4  
  53  15:46  Queen  
  54  16:07  Hatchery  
  53  16:14  Mutalisk  
  53  16:15  Mutalisk  
  57  16:22  Queen  
  59  16:26  Mutalisk  
  56  16:49  Zergling x2  
  56  16:56  Zergling x2  
  56  16:57  Zergling x6  
  60  17:27  Zergling x2  
  60  17:28  Zergling x10  
Tags
 
Add a new tag
Caveats
  • Supply blocks, unpowered buildings, or Contaminate may cause inaccurate times.
  • Supply counts are checked every 10 seconds.